AoeStats
← xiscosb

Yucatan

510576453Analyzed
2v2 RM · 19h ago on Oct 1, 2026· 61m 36s· 4 players
Game mode
Random Map
Map size
Medium (4 player)
Population
200
Speed
Normal
Resources
Standard
Victory
Conquest
Starting age
Dark Age
Ending age
Imperial Age
RankedLock teamsTeams togetherTeam positionsShared explorationLock speedFull tech treeHidden civsTurbo modeCheats
Victory
Defeat
🇲🇽 Byzantines · Mexico
854
+15
🇪🇸 Teutons · Spain
822
+17
🇪🇸 Danes · Spain
909
-19
🇪🇸 Inca · Spain
771
-13
xiscosb
0:26 Loom
11:14 Feudal Age
12:38 Wheelbarrow
11:47 Horse Collar
11:54 Double-Bit Axe
15:59 Castle Age
15:24 Stone Mining
17:04 Hand Cart
17:36 Bow Saw
26:16 Heavy Plow
27:04 Forging
26:45 Fletching
26:22 Elite Skirmisher
31:41 Imperial Age
29:57 Town Watch
30:53 Iron Casting
34:31 Bodkin Arrow
37:28 Chemistry
36:49 Ballistics
37:45 Conscription
38:30 Blast Furnace
40:25 Masonry
43:52 Scale Mail Armor
43:53 Padded Archer Armor
49:27 Ironclad
52:13 Stone Shaft Mining
60:31 Town Patrol
Trukson
2:42 Loom
12:49 Feudal Age
20:18 Forging
20:13 Scale Mail Armor
22:33 Castle Age
22:21 Scale Barding Armor
22:05 Arson
22:05 Horse Collar
22:17 Gold Mining
22:17 Stone Mining
26:28 Crossbowman
42:52 Imperial Age
49:09 Arbalester
49:54 Thumb Ring
49:21 Elite Varangian Guard
51:08 Iron Casting
54:02 Elite Cataphract
55:38 Fletching
55:50 Padded Archer Armor
60:00 Wheelbarrow
59:41 Logistica
59:23 Gambesons
59:39 Squires
62:20 Chain Barding Armor
61:56 Bodkin Arrow
62:16 Leather Archer Armor
reskius
12:57 Feudal Age
14:49 Double-Bit Axe
17:13 Castle Age
18:18 Horse Collar
18:30 Gold Mining
22:19 Bow Saw
22:12 Heavy Plow
25:22 Wheelbarrow
34:49 Imperial Age
39:50 Town Watch
45:41 Squires
46:12 Hand Cart
45:45 Hamask
47:57 Forging
47:48 Scale Mail Armor
50:52 Elite Varangian Guard
53:23 Heavy Scorpion
55:48 Conscription
Juanilluss
11:53 Feudal Age
13:34 Champi Runner
19:14 Castle Age
19:28 Champi Warrior
21:54 Double-Bit Axe
21:53 Horse Collar
28:41 Fletching
29:03 Forging
34:53 Imperial Age
37:24 Elite Champi Warrior
40:58 Conscription
41:41 Iron Casting
41:07 Scale Mail Armor
43:56 Pikeman
45:42 Chemistry
44:56 Elite Skirmisher
47:48 Halberdier
53:04 Blast Furnace
54:22 Onager
Connection lost

Rejoining the realm…

Still unreachable

The connection could not be restored.

Session expired

The server has moved on; the page needs a fresh start.